 Dungeon Crawl Stone Soup version 0.19-a0-1107-gc676ff4 (webtiles) character file.

44 4thArraOfDagon the Ruffian (level 3, 0/48 HPs)
             Began as a Troll Arcane Marksman on Aug 9, 2016.
             Was a Follower of Nemelex Xobeh.
             Slain by a killer bee (4 damage)
             ... on level 4 of the Dungeon.
             The game lasted 00:03:33 (674 turns).

4thArraOfDagon the Ruffian (Troll Arcane Marksman)   Turns: 674, Time: 00:03:33

Health: 0/48       AC: 21    Str: 19    XL:     3   Next: 41%
Magic:  12/12      EV:  1    Int: 10    God:    Nemelex Xobeh [*.....]
Gold:   49         SH:  0    Dex:  9    Spells: 1 memorised, 3 levels left

rFire  . . .     SeeInvis .       - Unarmed
rCold  . . .     Gourm    +     (armour currently unavailable)
rNeg   + + +     Faith    +     (no shield)
rPois  +         Spirit   .     (helmet currently unavailable)
rElec  .         Dismiss  .     (cloak currently unavailable)
rCorr  .         Reflect  .     (gloves unavailable)
SustAt .         Harm     .     (boots unavailable)
MR     .....     NoTele   +     k - amulet of faith
Stlth  +.........               (no ring)
                                o - ring of magical power

@: lethally poisoned (0 -> 0), tree-form
A: unfitting armour, (claws 0), fast metabolism 3, gourmand, regeneration 2,
(shaggy fur 0), (tough skin 0)
a: Renounce Religion


You were on level 4 of the Dungeon.
You worshipped Nemelex Xobeh.
Nemelex Xobeh was aware of your devotion.
You were full.
You were a tree.
You visited 1 branch of the dungeon, and saw 4 of its levels.

You collected 49 gold pieces.

Inventory:

Missiles
 c - 4 large rocks (quivered)
Armour
 a - a +0 robe (melded)
Jewellery
 k - an amulet of faith (around neck)
 o - a ring of magical power (left branch)
Scrolls
 e - a scroll of identify {unknown}
 g - 2 scrolls of recharging {unknown}
 h - 2 scrolls of teleportation {unknown}
 i - a scroll of immolation {unknown}
 m - 2 scrolls of blinking {unknown}
 p - a scroll of amnesia {unknown}
 q - a scroll of remove curse {unknown}
Books
 b - a book of Debilitation

   Spells                             Type                      Level
   a - Corona                         Hexes                        1
   b - Slow                           Hexes                        2
   c - Gell's Gravitas                Hexes/Translocation          3
   d - Inner Flame                    Hexes/Fire                   3
   e - Cause Fear                     Hexes                        4
   f - Leda's Liquefaction            Hexes/Earth                  4
 r - a book of Summonings

   Spells                             Type                      Level
   a - Recall                         Summoning/Translocation      3
   b - Aura of Abjuration             Summoning                    5
   c - Summon Demon                   Summoning                    5
   d - Summon Forest                  Summoning/Translocation      5
   e - Summon Mana Viper              Hexes/Summoning              5
   f - Shadow Creatures               Summoning                    6
Miscellaneous
 j - a plain deck of summoning {drawn: 2}
Comestibles
 f - 3 bread rations


   Skills:
 - Level 0.7 Fighting
 - Level 1.7 Throwing
 - Level 1.5 Dodging
 * Level 3.0 Unarmed Combat
 - Level 1.0 Spellcasting
 - Level 2.0 Hexes
 + Level 0.3 Invocations


You had 3 spell levels left.
You knew the following spells:

 Your Spells              Type           Power        Failure   Level  Hunger
a - Corona                Hex            #......      17%         1    ##.....


Dungeon Overview and Level Annotations

Branches:
Dungeon (4/15)
 Temple: D:4-7

Altars:
Nemelex Xobeh
Trog
Xom

Annotations:
D:2 exclusion: downstairs


Innate Abilities, Weirdness & Mutations

You are too large for most types of armour.
((You have claws for hands.))
Your metabolism is lightning-fast.
You like to eat raw meat.
You heal very quickly.
((You are covered in fur. (AC +1)))
((You have very tough skin. (AC +2)))


Message History

Your ice beast hits the rust devil but does no damage.
Your hell hound bites the rust devil.
Unknown command.
Unknown command.
Unknown command.
You hit the killer bee.
The killer bee is lightly wounded.
You feel sick.
The killer bee stings you but does no damage.
Your hell hound bites the rust devil.
The rust devil dies!
Your ice beast hits the killer bee.
Your ice beast freezes the killer bee.
The killer bee stings you but does no damage.
Unknown command.
You closely miss the killer bee.
The killer bee is severely wounded.
The killer bee stings you but does no damage.
The killer bee stings you.
You die...
Your body disappears without a glow.

#. #. #. #.
#.## #..##
#.Y(##
#####.hy.#
........♣.#
.#####....#
#....#
#....#
#...##
#.(## #.##
#.


You could see a killer bee, a friendly hell hound and a friendly ice beast.

Vanquished Creatures
  2 oozes (D:2)
  A dart slug (D:1)
  A giant gecko (D:3)
  A hobgoblin (D:2)
  6 jackals (D:2)
  A ball python (D:2)
  4 bats
  A giant newt (D:2)
  3 goblins (D:2)
  7 kobolds
  4 rats
31 creatures vanquished.

Notes
Turn   | Place    | Note
-------+----------+-------------------------------------------
     0 | D:1      | 4thArraOfDagon the Troll Arcane Marksman began the quest for the Orb.
     0 | D:1      | Reached XP level 1. HP: 18/18 MP: 1/1
    49 | D:2      | Reached skill level 1 in Unarmed Combat
    57 | D:2      | Reached XP level 2. HP: 26/26 MP: 2/2
    89 | D:2      | Found a bloodstained altar of Trog.
   189 | D:2      | Reached skill level 2 in Unarmed Combat
   255 | D:3      | Noticed a killer bee
   255 | D:3      | Noticed a killer bee
   255 | D:3      | Noticed a killer bee
   255 | D:3      | Noticed a killer bee
   255 | D:3      | Noticed a killer bee
   272 | D:2      | Found a sparkling altar of Nemelex Xobeh.
   273 | D:2      | Found a shimmering altar of Xom.
   338 | D:2      | Found a bloodstained altar of Trog.
   383 | D:2      | Found a faded altar of an unknown god.
   392 | D:2      | Became a worshipper of Nemelex Xobeh the Trickster
   392 | D:2      | Received a gift from Nemelex Xobeh
   392 | D:2      | Reached * piety under Nemelex Xobeh
   393 | D:2      | Reached XP level 3. HP: 32/32 MP: 3/3
   560 | D:3      | Reached skill level 3 in Unarmed Combat
   659 | D:4      | Noticed a rust devil
   674 | D:4      | Slain by a killer bee

Vault maps used:
D:1:      wheals_arrival_shading, hangedman_decor_points
D:2:      nicolae_overflow_hidden_temple, first_bread, ecumenical_altar_2,
          trog_three_pillars_becter, uniq_crazy_yiuf_cottage
D:4:      roderic_lattice_a

Skill      XL: |  1  2  3 |
---------------+----------+-----
Unarmed Combat | 1 2 3 |  3.0
Fighting       | |  0.7
Throwing       | |  1.7
Dodging        | |  1.5
Spellcasting   | |  1.0
Hexes          | |  2.0
Invocations    | |  0.3

Action                   || total
-------------------------++-------
Melee: Unarmed           ||   112
Throw: Throwing net      ||     2
Evoke: Deck              ||     2
  Use: Potion            ||     2
  Eat: Chunk             ||     9
Armor: Robe              ||    53
       Skin              ||    15
Dodge: Dodged            ||    69
